 Dungeon Crawl Stone Soup version 0.21.1-1-g345015f (webtiles) character file.

203 inc the Digger (level 5, -2/31 HPs)
             Began as an Octopode Earth Elementalist on Mar 16, 2018.
             Was an Initiate of Gozag.
             Slain by a gnoll
             ... wielding a +0 spear
              (12 damage)
             ... on level 4 of the Dungeon.
             The game lasted 00:05:08 (2652 turns).

inc the Digger (Octopode Earth Elementalist)        Turns: 2652, Time: 00:05:09

Health: -2/31      AC:  1    Str:  7    XL:     5   Next: 81%
Magic:  1/11       EV: 13    Int: 18    God:    Gozag
Gold:   355        SH:  0    Dex: 13    Spells: 11/12 levels left

rFire    . . .     SeeInvis .   (no weapon)
rCold    + . .     Gourm    .   (no shield)
rNeg     . . .     Faith    .   (helmet restricted)
rPois    .         Spirit   .   t - amulet of rage
rElec    .         Reflect  .   u - ring of protection from cold
rCorr    .         Harm     .   (no ring)
MR       .....                  (no ring)
Stlth    +++.......             (no ring)
HPRegen  0.10/turn              (no ring)
MPRegen  0.12/turn              (no ring)
                                (no ring)
                                (no ring)

@: gold aura, very slightly contaminated
A: almost no armour, stealthy swim, amphibious, 8 rings, constrict 8, camouflage
1, gelatinous body 1
a: Potion Petition, Call Merchant, Bribe Branch, Renounce Religion, Evoke
Berserk Rage


You were on level 4 of the Dungeon.
You worshipped Gozag.
Gozag was aware of your devotion.
You were not hungry.

You visited 1 branch of the dungeon, and saw 4 of its levels.

You collected 381 gold pieces.
You paid 26 gold pieces to Gozag.

Inventory:

Missiles
 b - 60 stones (quivered)
Jewellery
 i - an uncursed amulet of guardian spirit
 q - an uncursed ring of teleportation
 t - an amulet of rage (around mantle)
 u - a ring of protection from cold (left tentacle)
Scrolls
 a - 2 scrolls of remove curse
 g - 2 scrolls of blinking
 h - 4 scrolls of amnesia
 m - a scroll of enchant armour {unknown}
 o - a scroll of fog {unknown}
 p - a scroll of teleportation
 r - a scroll of fear {unknown}
 v - a scroll of identify
 w - a scroll of magic mapping {unknown}
Potions
 e - 2 potions of haste {unknown}
 f - 2 potions of might
 j - a potion of agility {unknown}
 k - 2 potions of curing {unknown}
 l - 3 potions of heal wounds
 n - a potion of flight {unknown}
 s - a potion of brilliance {unknown}
Books
 d - a book of Geomancy

   Spells                             Type                      Level
   a - Sandblast                      Earth                        1
   b - Passwall                       Transmutation/Earth          2
   c - Stone Arrow                    Conjuration/Earth            3
   d - Petrify                        Transmutation/Earth          4
   e - Lee's Rapid Deconstruction     Earth                        5
Comestibles
 c - 4 rations


   Skills:
 - Level 2.0 Dodging
 - Level 2.6 Stealth
 + Level 4.4 Spellcasting
   Level 1.0 Transmutations
 - Level 4.5 Earth Magic


You had 11 spell levels left.
You knew the following spells:

 Your Spells              Type           Power        Failure   Level  Hunger
a - Sandblast             Erth           ###...       2%          1    None


Dungeon Overview and Level Annotations

Branches:
Dungeon (4/15)
 Temple: D:4-7

Altars:
Gozag


Innate Abilities, Weirdness & Mutations

You cannot wear most types of armour.
You are very stealthy in the water. (Stealth+)
You are amphibious.
You can wear up to eight rings at the same time.
You can use your tentacles to constrict eight enemies at once.
Your skin changes colour to match your surroundings (Stealth+).
Your rubbery body absorbs attacks. (AC +1, EV +1)


Message History

You grab the hound. Your squeeze misses the hound.
The hound is almost dead.
You constrict the hound, but do no damage.
The hound bites you but does no damage.
You tentacle-slap the hound but do no damage.
The hound is almost dead.
You constrict the hound, but do no damage.
The hound completely misses you. The hound barely misses you.
You tentacle-slap the hound but do no damage.
The hound is almost dead.
You constrict the hound.
You kill the hound!
You tentacle-slap the gnoll but do no damage.
You grab the gnoll. You constrict the gnoll. You tentacle-slap the gnoll.
The gnoll is lightly wounded.
You constrict the gnoll. The gnoll hits you with a club!
The gnoll hits you from afar with a spear!
You die...
Your body crumbles into a pile of gold.

### #<# #.# #.#
#.# #.# #@# #g#
###
##.###g###.....
#.h......|...g..
#............>..
$...........#.##
..........###
...........
............


You could see 2 gnolls.

Vanquished Creatures
  A hound (D:4)
  An orc wizard (D:3)
  5 gnolls
  4 adders
  An ooze (D:1)
  3 dart slugs
  3 leopard geckos
  7 orcs (D:3)
  6 bats
  6 goblins (D:3)
  2 hobgoblins
  4 frilled lizards
  3 kobolds
  6 rats
52 creatures vanquished.

Notes
Turn   | Place    | Note
-------+----------+-------------------------------------------
     0 | D:1      | inc the Octopode Earth Elementalist began the quest for the Orb.
     0 | D:1      | Reached XP level 1. HP: 11/11 MP: 3/3
   370 | D:1      | Reached XP level 2. HP: 17/17 MP: 5/5
   990 | D:2      | Found an opulent altar of Gozag.
  1022 | D:2      | Became a worshipper of Gozag Ym Sagoz the Greedy
  1051 | D:2      | Reached XP level 3. HP: 15/21 MP: 3/6
  1901 | D:3      | Reached XP level 4. HP: 19/27 MP: 7/7
  2351 | D:3      | Reached XP level 5. HP: 31/31 MP: 8/10
  2652 | D:4      | Slain by a gnoll

Skill      XL: |  1  2  3  4  5 |
---------------+----------------+-----
Earth Magic    | 4 |  4.5
Spellcasting   | 3 4 |  4.4
Dodging        | |  2.0
Stealth        | |  2.6
Transmutations | |  1.0

Action                   |  1- 3 |  4- 6 || total
-------------------------+-------+-------++-------
Melee: Unarmed           |    59 |    23 ||    82
       Constrict         |    21 |     9 ||    30
       Tentacles         |    12 |     5 ||    17
 Cast: Sandblast         |    16 |    31 ||    47
  Use: Scroll            |     6 |       ||     6
 Stab: Sleeping          |    10 |     1 ||    11
  Eat: Ration            |     1 |     1 ||     2
       Chunk             |     1 |       ||     1
Armor: Skin              |     8 |     1 ||     9
Dodge: Dodged            |    49 |    17 ||    66
